Map: Terraform LE (Void)

Players

WhiteRex - Winner!

  • Race: Terran Terran
  • League: Bronze

wabbajack

  • Race: Zerg Zerg
  • League: Bronze

VOD

Have the link to the VOD?

Description

Time

  • Played on: July 16, 2015, 12:51 p.m.
  • Length: 9:00
Show
View Real Time Build Order
Export as new Build Order

WhiteRex Terran - Winner!

Build Orders:  

Get SALT Encoding   

  12  0:01  SCV  
  13  0:13  SCV  
  14  0:18  Supply Depot  
  14  0:25  SCV  
  15  0:40  SCV  
  16  0:42  Barracks  
  16  0:51  Refinery  
  16  0:52  SCV  
  17  1:04  SCV  
  17  1:07  Supply Depot  
  18  1:16  SCV  
  19  1:31  Orbital Command  
  20  1:36  Reaper  
  20  1:44  Refinery  
  20  1:54  Command Center  
  20  2:01  SCV  
  20  2:08  Reaper  
  22  2:13  SCV  
  23  2:21  Factory  
  23  2:26  SCV  
  24  2:38  SCV  
  25  2:50  SCV  
  26  2:56  Barracks Reactor  
  26  2:58  Barracks  
  26  3:01  Barracks  
  26  3:02  SCV  
  27  3:08  Orbital Command  
  27  3:14  SCV  
  28  3:26  SCV  
  29  3:31  Starport  
  29  3:33  Armory  
  28  3:38  SCV  
  29  3:43  SCV, Barracks Tech Lab  
  29  3:48  Supply Depot  
  30  3:51  SCV  
  30  3:53  Hellion  
  30  3:54  Hellion  
  30  3:55  SCV  
  36  3:57  Barracks Tech Lab  
  36  3:58  Barracks Reactor  
  36  4:05  Stimpack  
  36  4:06  Marauder  
  36  4:08  SCV x2  
  40  4:13  Supply Depot, Liberator  
  40  4:16  Hellion  
  41  4:17  Hellion  
  41  4:20  SCV x2  
  41  4:22  Marauder  
  50  4:35  SCV  
  50  4:36  SCV  
  52  4:38  Refinery  
  52  4:42  Bunker  
  50  4:46  Supply Depot  
  50  4:47  SCV, Widow Mine x2  
  50  4:48  SCV  
  50  4:49  Marine  
  50  4:50  Marauder  
  59  4:58  Bunker  
  55  5:02  SCV  
  58  5:07  Marauder  
  58  5:08  Marine  
  58  5:09  Marine  
  58  5:11  Marauder  
  62  5:14  SCV  
  62  5:16  Widow Mine  
  62  5:17  Bunker  
  63  5:32  Marine, Marauder  
  63  5:33  Marine, Marauder  
  69  5:35  SCV  
  69  5:40  Supply Depot  
  69  5:41  Supply Depot  
  69  5:42  Supply Depot, Starport Tech Lab  
  70  5:52  SCV  
  70  5:55  Marauder  
  51  6:05  SCV x2  
  50  6:17  Marauder, Hellbat x2  
  52  6:19  Marauder, Marine  
  52  6:21  SCV x2  
  57  6:33  SCV x2  
  57  6:35  Medivac  
  57  6:38  Hellbat  
  57  6:39  Hellbat  
  65  6:40  Marauder  
  65  6:41  Concussive Shells  
  65  6:45  SCV  
  65  6:46  SCV  
  69  6:57  SCV  
  69  6:58  SCV, Marauder, Marine x2  
  69  7:00  Hellbat  
  77  7:02  Marauder  
  77  7:04  Hellbat  
  81  7:15  SCV x2  
  83  7:24  Engineering Bay  
  83  7:27  Marine, Marauder, Hellbat x2  
  83  7:28  Marauder, Marine  
  83  7:29  Unknown  
  93  7:30  SCV  
  93  7:33  Supply Depot  
  93  7:37  Supply Depot  
  94  7:55  SCV, Medivac  
  97  8:03  SCV  
  98  8:06  Marauder x2, Marine x2  
  98  8:07  SCV  
  105  8:13  Missile Turret  
  105  8:14  Missile Turret  
  105  8:15  SCV  
  105  8:16  Missile Turret  
  105  8:18  Missile Turret  
  105  8:19  SCV  
  107  8:27  SCV  
  107  8:34  SCV  
  109  8:35  Marine  
Show
View Real Time Build Order
Export as new Build Order

wabbajack Zerg 

Build Orders: Hatch First 

Get SALT Encoding   

  12  0:01  Drone  
  13  0:13  Overlord  
  13  0:18  Drone  
  14  0:23  Drone, Extractor  
  15  0:33  Drone  
  16  0:37  Drone  
  17  0:57  Hatchery  
  17  0:59  Drone  
  17  1:01  Extractor  
  17  1:03  Drone  
  17  1:13  Drone  
  18  1:20  Spawning Pool  
  18  1:32  Drone  
  18  1:33  Drone  
  19  1:44  Overlord  
  19  1:57  Drone  
  20  2:06  Drone  
  20  2:08  Queen x2  
  23  2:11  Metabolic Boost  
  25  2:18  Drone x2  
  27  2:23  Zergling x2  
  27  2:25  Zergling x2  
  29  2:41  Spine Crawler  
  28  3:03  Overlord x2  
  28  3:04  Roach Warren  
  26  3:14  Spine Crawler  
  25  3:23  Queen  
  25  3:25  Queen  
  28  3:46  Roach x6  
  40  3:57  Roach x2  
  40  3:59  Roach  
  46  4:05  Roach  
  48  4:17  Roach x2  
  48  4:18  Overlord  
  52  4:32  Pneumatized Carapace  
  52  4:39  Overlord  
  52  4:53  Zergling x10  
  52  4:54  Zergling x4  
  52  4:57  Zergling x2  
  60  5:06  Drone  
  61  5:07  Drone x2  
  39  6:52  Drone x2  
  39  6:53  Drone x15  
  56  6:56  Extractor x2  
  54  7:08  Lair  
  54  7:10  Hatchery  
  54  7:13  Evolution Chamber  
  54  7:14  Evolution Chamber  
  51  7:25  Hatchery  
  50  7:33  Drone x2  
  50  7:34  Drone  
  50  7:35  Extractor  
  52  7:39  Drone x2  
  52  7:40  Drone  
  55  7:46  Overlord x4  
  51  8:11  Drone x3  
  51  8:12  Drone x3  
  57  8:13  Spore Crawler  
  56  8:22  Queen  
  58  8:30  Drone x4, Spore Crawler  
  58  8:31  Drone  
  58  8:32  Drone x2  
  64  8:39  Drone x4  
  70  8:48  Hydralisk Den  
  69  8:51  Infestation Pit  
Tags
 
Add a new tag
Caveats
  • Supply blocks, unpowered buildings, or Contaminate may cause inaccurate times.
  • Supply counts are checked every 10 seconds.